 Dungeon Crawl Stone Soup version 0.21-a0-127-g329daca (webtiles) character file.

16 Chiseanne the Skirmisher (level 2, 0/37 HPs)
             Began as a Gnoll Wanderer on July 16, 2017.
             Slain by a bat (1 damage)
             ... on level 1 of the Dungeon.
             The game lasted 00:01:16 (678 turns).

Chiseanne the Skirmisher (Gnoll Wanderer)            Turns: 678, Time: 00:01:17

Health: 0/37       AC: 21    Str: 12    XL:     2   Next: 58%
Magic:  2/2        EV:  2    Int:  9    God:
Gold:   26         SH:  0    Dex: 15    Spells: 1/1 levels left

rFire    . . .     SeeInvis .   a - +0 dagger
rCold    . . .     Gourm    .   (no shield)
rNeg     + + +     Faith    .   (armour currently unavailable)
rPois    +         Spirit   .   (helmet currently unavailable)
rElec    .         Reflect  .   (cloak currently unavailable)
rCorr    .         Harm     .   (gloves currently unavailable)
MR       .....     NoTele   +   (boots currently unavailable)
Stlth    ++........             (no amulet)
HPRegen  0.12/turn              (no ring)
MPRegen  0.08/turn              (no ring)

@: tree-form
A: short attention span, strong nose
a: no special abilities


You were on level 1 of the Dungeon.
You were not hungry.
You were a tree.
You visited 1 branch of the dungeon, and saw 1 of its levels.

You collected 26 gold pieces.

Inventory:

Hand Weapons
 a - a +0 dagger (weapon)
 w - a +2 blowgun
Missiles
 b - 46 stones (quivered)
 e - 3 curare-tipped needles
 h - 7 arrows
Armour
 d - a +0 robe (melded)
Jewellery
 g - an uncursed amulet of faith {unknown}
Scrolls
 j - a scroll of enchant armour {unknown}
 k - a scroll of teleportation {unknown}
Potions
 c - a potion of lignification
 i - a potion of haste {unknown}
 l - a potion of mutation {unknown}
Comestibles
 f - 3 bread rations


   Skills:
 * Level 4.2 Fighting
   Level 1.7 Axes
 - Level 1.7 Throwing
 * Level 3.0 Dodging
 - Level 3.0 Stealth
   Level 1.7 Shields
 - Level 3.2 Unarmed Combat


You had one spell level left.
You didn't know any spells.

Dungeon Overview and Level Annotations

Branches:
Dungeon (1/15)

Altars:


Innate Abilities, Weirdness & Mutations

You have a short attention span.
((You have very sharp teeth.))
Your uncanny sense of smell can sniff out nearby items.


Message History

You hit the hobgoblin but do no damage.
The hobgoblin is severely wounded.
The hobgoblin completely misses you.
You hit the hobgoblin but do no damage.
The hobgoblin is severely wounded.
The hobgoblin barely misses you.
You closely miss the hobgoblin.
The hobgoblin is severely wounded.
The hobgoblin hits you but does no damage.
You hit the hobgoblin.
You kill the hobgoblin!
You hit the frilled lizard.
You kill the frilled lizard!
The bat hits you but does no damage.
You barely miss the bat. The bat hits you but does no damage. x2
You swing at nothing.
The bat hits you but does no damage.
You swing at nothing.
The bat hits you but does no damage. The bat hits you.
* * * LOW HITPOINT WARNING * * *
You closely miss the bat. The bat hits you.
You die...

#.>.................##.##....#
#.......# ####.#.##.##.##....#
#..$....## #.##..#.##.....
#.......%# #.##..#.##.....
#[.......# #.##..#........
#........#####.#.##...#.......
#..............#.##.#.#.######
#........#######.##.#...# #.#
#...........b♣...##.##..# #.#
#...!...###########.##..# #.#
######### #.###.# #.# #.# #.#
#.# .. #.# #.# #.####'#
.#.8#.# #..... #...8.


You could see a bat.

Vanquished Creatures
  A leopard gecko (D:1)
  2 bats (D:1)
  2 goblins (D:1)
  3 hobgoblins (D:1)
  2 frilled lizards (D:1)
  3 kobolds (D:1)
  2 rats (D:1)
15 creatures vanquished.

Notes
Turn   | Place    | Note
-------+----------+-------------------------------------------
     0 | D:1      | Chiseanne the Gnoll Wanderer began the quest for the Orb.
     0 | D:1      | Chiseanne set off with: 3 curare-tipped needles, a +2 blowgun, 2 potions of lignification, a +0 robe, a +0 dagger, a bread ration
     0 | D:1      | Reached XP level 1. HP: 18/18 MP: 1/1
   289 | D:1      | Reached skill level 4 in Fighting
   289 | D:1      | Reached XP level 2. HP: 25/25 MP: 2/2
   667 | D:1      | HP: 1/25 [hobgoblin/club (2)]
   677 | D:1      | HP: 1/37 [bat (1)]
   678 | D:1      | Slain by a bat

Vault maps used:
D:1:      elethiomel_arrival_quiet

Skill      XL: |  1  2 |
---------------+-------+-----
Dodging        | 2 3 |  3.0
Fighting       | 4 |  4.2
Axes           | |  1.7
Throwing       | |  1.7
Stealth        | |  3.0
Shields        | |  1.7
Unarmed Combat | |  3.2

Action                   || total
-------------------------++-------
Melee: Dagger            ||    64
       Bite              ||     9
  Use: Potion            ||     1
 Stab: Sleeping          ||     2
Armor: Robe              ||    14
       Skin              ||     7
Dodge: Dodged            ||    46
